 Dungeon Crawl Stone Soup version 0.29.1-1-gd02db6906a (webtiles) character file.

Game seed: 17313655147365243005

98 Gabide the Sneak (level 4, -3/66 HPs)
             Began as a Naga Monk on Sept 29, 2022.
             Slain by a gnoll
             ... wielding a +0 halberd
              (6 damage)
             ... on level 2 of the Dungeon.
             The game lasted 00:05:13 (1913 turns).

Gabide the Sneak (Naga Monk)                        Turns: 1913, Time: 00:05:13

Health: -3/66      AC: 22    Str: 13    XL:     4   Next: 69%
Magic:  4/4        EV:  1    Int: 10    God:
Gold:   131        SH:  0    Dex: 16    Spells: 3/3 levels left

rFire   + . .      SeeInvis +   m - +1 dagger (elec)
rCold   + . .      Faith    .   (no shield)
rNeg    . . .      Spirit   .   (body armour currently unavailable)
rPois   +          Reflect  .   (helmet currently unavailable)
rElec   +          Harm     .   (cloak currently unavailable)
rCorr   +          Rampage  .   (gloves currently unavailable)
Will    .....      NoTele   +   (no barding)
Stlth   +++.......              (no amulet)
HPRegen 0.21/turn               g - +4 ring of evasion
MPRegen 0.09/turn               (no ring)

@: tree-form, resistant, attractive
A: stationary, stasis, torment immunity, boosted hp, AC +1, large, see
invisible, (deformed body), (poison resistance), (slowness 2), spit poison 1,
(naga tail 1)
a: Spit Poison


You were on level 2 of the Dungeon.
You were a tree.
You visited 1 branch of the dungeon, and saw 2 of its levels.

You collected 131 gold pieces.

Inventory:

Hand Weapons
 m - a +1 dagger of electrocution (weapon)
 q - a +1 dagger of venom
Missiles
 t - a throwing net
Armour
 b - a +0 robe (melded)
 r - a +0 helmet (melded)
Jewellery
 g - a +4 ring of evasion (left branch)
Wands
 a - a wand of flame (20)
Scrolls
 e - a scroll of teleportation
 f - a scroll of enchant weapon {unknown}
 j - a scroll of fear {unknown}
 k - a scroll of identify {unknown}
 l - a scroll of blinking {unknown}
 o - 3 scrolls of vulnerability {unknown}
 p - a scroll of enchant armour {unknown}
 s - a scroll of amnesia {unknown}
Potions
 h - a potion of flight
 n - a potion of heal wounds {unknown}


   Skills:
 + Level 3.6 Fighting
 + Level 3.6 Short Blades
 + Level 3.0 Dodging
 + Level 4.5 Stealth


You had 3 spell levels left.
You didn't know any spells.
Your spell library contained the following spells:

 Spells                   Type           Power      Damage    Failure   Level
 Foxfire                  Conj/Fire      0%         2x1d4     36%         1
 Conjure Flame            Conj/Fire      0%         6-21      75%         3
 Inner Flame              Hex/Fire       0%         N/A       75%         3
 Flame Wave               Conj/Fire      0%         2d4       98%         4


Dungeon Overview and Level Annotations

Branches:
Dungeon (2/15)

Altars:


Innate Abilities, Weirdness & Mutations

You are a tree.
Your roots penetrate the ground, keeping you stationary.
You cannot be teleported.
You are immune to unholy pain and torment.
Your maximum health is greatly increased.
Your equipment is partially melded.
((Your serpentine skin is tough. (AC +1)))
You have supernaturally acute eyesight. (SInv)
((Armour fits poorly on your strangely shaped body.))
((Your system is resistant to poisons. (rPois)))
((You cover ground very slowly.))
You can spit poison.
((You have a snake-like lower body.))


Message History

The frilled lizard barely misses you. The endoplasm closely misses you.
The frilled lizard attacks as you move away!
The frilled lizard completely misses you.
The frilled lizard attacks as you move away!
The frilled lizard bites you but does no damage.
The gnoll attacks as you move away! The gnoll hits you with a +0 club.
You have got your breath back.
You kill the gnoll!
The frilled lizard bites you but does no damage.
The gnoll hits you from afar with a +0 halberd!
* * * LOW HITPOINT WARNING * * *
The endoplasm barely misses you.
Really quaff the potion of lignification?
You turn into a tree.
Your +0 helmet melds into your body.
Your +0 robe melds into your body.
Your roots penetrate the ground.
The gnoll hits you from afar with a +0 halberd.
* * * LOW HITPOINT WARNING * * *
The endoplasm freezes you.
You are frozen.
* * * LOW HITPOINT WARNING * * *
The frilled lizard bites you but does no damage.
It was a potion of flight.
Your roots keep you in place.
The gnoll hits you but does no damage.
The endoplasm hits you but does no damage.
The frilled lizard bites you but does no damage.
You completely miss the endoplasm. The gnoll hits you but does no damage.
The endoplasm freezes you.
You are frozen.
* * * LOW HITPOINT WARNING * * *
The frilled lizard bites you.
* * * LOW HITPOINT WARNING * * *
It was a potion of attraction.
You feel attractive to monsters. The gnoll hits you but does no damage.
The endoplasm hits you but does no damage.
The frilled lizard bites you but does no damage.
It was a potion of resistance.
You feel protected.
The gnoll hits you from afar with a +0 halberd.
You die...

..........# ..........# .#
..........## .. ...........#
## .######....# #....#
#.g..# #.lJ.# #+##
#.(♣.#####.....
########............
#................... ..
#..........<...........##
#........................
####..............##........
#.............(...# ........
#.................# ........
#..........###+##...........


You could see a gnoll, an endoplasm and a frilled lizard.

Vanquished Creatures
  Robin (D:2)
  A gnoll (D:2)
  2 adders (D:2)
  A worm (D:2)
  3 dart slugs
  3 bats
  3 endoplasms
  A giant cockroach (D:1)
  5 hobgoblins
  3 jackals (D:1)
  4 ball pythons
  3 frilled lizards
  15 goblins
  3 kobolds
  A rat (D:1)
49 creatures vanquished.

Notes
Turn   | Place    | Note
-------+----------+-------------------------------------------
     0 | D:1      | Gabide the Naga Monk began the quest for the Orb.
     0 | D:1      | Reached XP level 1. HP: 21/21 MP: 1/1
   371 | D:1      | Reached XP level 2. HP: 18/28 MP: 2/2
  1021 | D:1      | Reached XP level 3. HP: 34/34 MP: 3/3
  1328 | D:2      | Reached skill level 4 in Stealth
  1399 | D:2      | Found a faded altar of an unknown god.
  1508 | D:2      | Reached XP level 4. HP: 42/42 MP: 4/4
  1561 | D:2      | Noticed Robin
  1600 | D:2      | Killed Robin
  1911 | D:2      | HP: 3/66 [frilled lizard (1)]
  1913 | D:2      | Slain by a gnoll

Illustrated notes

Levels and vault maps discovered:
D:1:      minmay_arrival_diagonal_passages, layout_rooms, serial_glass,
          glass_columns_a, glass_columns_a, feat_on_display, feat_on_display
D:2:      layout_basic, basic_altar, shapermc_ecumenical_altar_mp_urbaneastern,
          uniq_robin

Skill      XL: |  1  2  3  4 |
---------------+-------------+-----
Stealth        | 4 |  4.5
Dodging        | 3 |  3.0
Fighting       | |  3.6
Short Blades   | |  3.6

Action                   |  1- 3 |  4- 6 || total
-------------------------+-------+-------++-------
Melee: Short sword       |    56 |       ||    56
       Punch             |     1 |       ||     1
       Dagger            |     3 |    41 ||    44
 Abil: Spit Poison       |    31 |     4 ||    35
Evoke: Wand              |       |     2 ||     2
  Use: Potion            |     1 |     5 ||     6
       Scroll            |     1 |       ||     1
 Stab: Sleeping          |       |     1 ||     1
Armor: Robe              |    11 |     8 ||    19
       Skin              |       |    23 ||    23
Dodge: Dodged            |    39 |    33 ||    72
